 Dungeon Crawl Stone Soup version 0.22-a0-265-g0d8bc90 (webtiles) character file.

616356 Firecrotchwizard the Slayer (level 27, -9/152 HPs)
             Began as a Vine Stalker Ice Elementalist on Mar 3, 2018.
             Was the Champion of Okawaru.
             Killed from afar by an orb of fire (24 damage)
             ... with a bolt of fire
             ... on level 5 of the Realm of Zot on Mar 7, 2018.
             The game lasted 03:35:22 (58359 turns).

Firecrotchwizard the Slayer (VSIE)                 Turns: 58359, Time: 03:35:22

Health: -9/152     AC: 36    Str: 20    XL:     27
Magic:  0/31       EV: 29    Int: 15    God:    Okawaru [******]
Gold:   6191       SH: 24    Dex: 25    Spells: 21/30 levels left

rFire    + + .     SeeInvis +   E - +9 quick blade (freeze)
rCold    + + .     Gourm    .   K - +5 shield {AC+3}
rNeg     + . .     Faith    +   R - quicksilver dragon scales
rPois    .         Spirit   +   G - +2 helmet {SInv}
rElec    +         Reflect  .   Y - +2 cloak {+Inv}
rCorr    +         Harm     .   Z - +4 pair of gloves of Robata {rC+ rCorr Str+2}
MR       +++++                  x - +2 pair of boots {run}
Stlth    +++.......             d - amulet of Dawn {Faith Fragile rC++ MR+ Stlth+}
HPRegen  1.15/turn              y - ring "Xilubu" {Fire rElec rN+ Str+2 Slay+6}
MPRegen  0.22/turn              w - ring of protection from fire {rF+, !d}

@: about to teleport, finesse, studying Short Blades, quick
A: fangs 3, large bone plates 1, frail 1, regeneration 2, screaming 1, strong 1,
wild magic 1, magic shield, antimagic bite, no potion heal 3, rot immunity,
MP-powered wands
}: 3/15 runes: decaying, serpentine, silver
a: Heroism, Finesse, Renounce Religion, Evoke Invisibility


You were on level 5 of the Realm of Zot.
You worshipped Okawaru.
Okawaru was exalted by your worship.
You were not hungry.

You visited 9 branches of the dungeon, and saw 49 of its levels.
You also visited: Labyrinth, Trove and Ice Cave.

You collected 7235 gold pieces.
You spent 1044 gold pieces at shops.

Inventory:

Hand Weapons
 E - a +9 quick blade of freezing (weapon)
   (Okawaru gifted it to you on level 2 of the Orcish Mines)
Missiles
 T - 2 throwing nets {=f, !d}
Armour
 x - a +2 pair of boots of running (worn)
   (Okawaru gifted it to you on level 1 of the Snake Pit)
 G - a +2 helmet of see invisible (worn)
   (You bought it in a shop on level 8 of the Dungeon)
 K - a +5 shield of protection (worn)
   (Okawaru gifted it to you on level 5 of the Depths)
 R - quicksilver dragon scales (worn)
   (You found it on level 2 of the Snake Pit)
 Y - a +2 cloak of invisibility (worn)
   (You took it off Nikola on level 2 of the Depths)
 Z - the +4 pair of gloves of Robata (worn) {rC+ rCorr Str+2}
   (You bought it in a shop on level 14 of the Dungeon)

   It affects your strength (+2).
   It protects you from cold.
   It protects you from acid and corrosion.
Jewellery
 d - the amulet of Dawn (around neck) {Faith Fragile rC++ MR+ Stlth+}
   (You found it on level 4 of the Swamp)

   [amulet of faith]

   It allows you to gain divine favour quickly.
   It greatly protects you from cold.
   It affects your resistance to hostile enchantments.
   It will be destroyed if unequipped.
   It makes you more stealthy.
 w - a ring of protection from fire (right hand) {rF+, !d}
   (You found it on level 3 of the Dungeon)
 y - the ring "Xilubu" (left hand) {Fire rElec rN+ Str+2 Slay+6}
   (You found it in an ice cave)

   [ring of fire]

   It enhances your fire magic.
   It affects your strength (+2).
   It affects your accuracy and damage with ranged weapons and melee attacks
   (+6).
   It protects you from fire.
   It makes you vulnerable to cold.
   It insulates you from electricity.
   It protects you from negative energy.
 X - a +5 ring of protection
   (You found it on level 1 of the Snake Pit)
Wands
 b - a wand of scattershot (6)
   (You found it on level 4 of the Realm of Zot)
 l - a wand of clouds (5)
   (You found it on level 5 of the Depths)
 s - a wand of acid (4)
   (You found it on level 2 of the Dungeon)
 F - a wand of digging (33)
   (You found it on level 7 of the Dungeon)
 S - a wand of disintegration (18) {@e1}
   (You found it on level 1 of the Elven Halls)
Scrolls
 e - 11 scrolls of amnesia
 h - 22 scrolls of remove curse
 j - 5 scrolls of identify
 k - 17 scrolls of teleportation
 m - 8 scrolls of immolation {!r}
 r - 9 scrolls of magic mapping {!r}
 t - 3 scrolls of enchant weapon
 I - 2 scrolls of blinking {!r}
 M - 7 scrolls of fog
 Q - 7 scrolls of silence
 W - 4 scrolls of fear
Potions
 f - 10 potions of might
 g - 5 potions of resistance
 i - 11 potions of lignification {!q}
 o - 11 potions of mutation {!q}
 p - 7 potions of agility
 u - 3 potions of magic
 v - 10 potions of curing
 z - 4 potions of invisibility
 A - 10 potions of brilliance
 B - 6 potions of haste
 D - a potion of berserk rage {!q}
 J - 9 potions of cancellation
 P - 3 potions of ambrosia
 V - 4 potions of flight
Books
 L - a manual of Short Blades {!d}
   (You found it on level 3 of the Elven Halls)
Miscellaneous
 a - 6 phantom mirrors
 n - 4 sacks of spiders
 q - a lightning rod (4/4)
   (You acquired it on level 3 of the Vaults)
 C - a box of beasts
 H - a phial of floods
   (You found it on level 12 of the Dungeon)
 O - a fan of gales
   (You found it on level 3 of the Vaults)
 U - a lamp of fire
   (You found it on level 5 of the Lair of Beasts)
Comestibles
 c - 85 rations {@e1}


   Skills:
 + Level 25.4 Fighting
 - Level 10.4 Short Blades
 + Level 18.3 Armour
 + Level 18.3 Dodging
 - Level 2.4 Stealth
 - Level 15.0 Shields
 - Level 2.1 Spellcasting
   Level 1.0 Conjurations
 - Level 2.0 Charms
 - Level 2.0 Summonings
 - Level 5.0 Translocations
 - Level 3.0 Ice Magic
 - Level 10.0 Invocations
 - Level 10.0 Evocations


You had 21 spell levels left.
You knew the following spells:

 Your Spells              Type           Power        Failure   Level  Hunger
a - Freeze                Ice            ##..         13%         1    #......
b - Blink                 Tloc           N/A          9%          2    ###....
s - Swiftness             Chrm/Air       #.......     38%         2    ###....
z - Spectral Weapon       Hex/Chrm       #.......     61%         3    ###....
B - Summon Butterflies    Summ           ##......     19%         1    #......


Dungeon Overview and Level Annotations

Branches:
Dungeon (15/15)            Temple (0/1) D:5            Lair (6/6) D:9
  Swamp (4/4) Lair:4        Snake (4/4) Lair:4        Slime (0/5) Lair:5
    Orc (2/2) D:12            Elf (3/3) Orc:2        Vaults (5/5) D:14
  Crypt (0/3) Vaults:2     Depths (5/5) D:15            Zot (5/5) Depths:5

Altars:
Ashenzari
Cheibriados
Dithmenos
Elyvilon
Fedhas
Kikubaaqudgha
Makhleb
Nemelex Xobeh
Okawaru
Qazlal
Ru
Trog
Uskayaw
Wu Jian
Xom
Jiyva

Shops:
D:8 *   D:12 [   D:14 [   Orc:2 :}:?   Elf:1 }=}(   Elf:2 *   Snake:1 !=?
Vaults:2 }

Portals:
Hell: Depths:1 Depths:2 Depths:3 Depths:4 Depths:5
Abyss: Depths:2 Depths:4 Depths:5
Pandemonium: Depths:1 Depths:3 Depths:5
Ziggurat: Depths:1

Annotations:
D:6 exclusion: orc warrior
D:9 exclusion: ogre
D:14 exclusion: Frances, Frances
Lair:5 exclusion: hydra
Snake:2 Vashnia
Depths:1 1 exclusion, Bai Suzhen


Innate Abilities, Weirdness & Mutations

You have razor-sharp teeth.
You heal very quickly.
When hurt, damage is shared between your health and your magic reserves.
Your bite disrupts and absorbs the magic of your enemies.
Potions cannot restore your health.
You are immune to rotting.
You are partially covered in large bone plates. (SH +4)
You are frail. (-10% HP)
You occasionally shout uncontrollably at your foes.
Your muscles are strong. (Str +2)
Your spells are a little harder to cast, but a little more powerful.
You expend magic power (3 MP) to strengthen your wands.


Message History

The ancient lich points at you and mumbles some strange words.
The bolt of lightning hits you! You resist.
An orb of fire comes into view.
There are monsters nearby!
You take 28 damage, and have 85/169 hp.
You now have 20/31 mp.
There are monsters nearby!
Okay, then.
You feel sick.
The orb of fire emits a lurid red light.
The fireball explodes!
The fireball engulfs you! You resist.
The ancient lich mumbles some strange words.
The ancient lich seems to speed up.
You take 9 damage, and have 76/169 hp.
You now have 19/31 mp.
As you read the scroll of teleportation, it crumbles to dust.
You feel strangely unstable.
You feel the Orb delaying your translocation!
You feel sick.
The red draconian knight points at you and mumbles some strange words.
The bolt of cold hits you! You resist.
The orb of fire emits a lurid red light.
The fireball explodes!
The fireball engulfs you! You resist.
The ancient lich gestures at you while chanting.
The bolt of lightning hits the orb of fire.
The orb of fire completely resists.
The bolt of lightning misses you.
The Killer Klown blinks!
The electric golem hurls lightning at you.
The bolt of lightning misses you.
You take 7 damage, and have 69/169 hp.
You now have 18/31 mp.
You found a blade trap!
You feel sick.
You take 1 damage, and have 68/169 hp.
You found a Zot trap!
You feel sick.
The electric golem hurls lightning at you.
The bolt of lightning hits you! You resist.
The golden dragon breathes fire at you. The bolt of fire misses you.
The orb of fire emits a lurid red light.
Strange energies course through your body.
You feel frail.
The electric golem crackles and sizzles.
You take 5 damage, and have 63/152 hp.
You now have 17/31 mp.
Okay, then.
You feel sick.
The red draconian knight gestures at you while chanting.
You block the shard of ice.
The orb of fire glows red.
Strange energies course through your body.
You feel the urge to shout.
The electric golem blinks!
The ancient lich gestures at you while chanting.
The bolt of lightning misses you.
You take 1 damage, and have 62/152 hp.
You are no longer corroded.
You feel sick.
The orb of fire emits a lurid red light.
The bolt of fire misses you.
The orb of fire emits a lurid red light.
The bolt of fire hits you! You resist.
You hear a distant "Zot"!
The orb of fire glows bright magenta.
The fireball explodes!
The fireball engulfs you! You resist.
You take 14 damage, and have 48/152 hp.
You now have 13/31 mp.
You found a blade trap!
You feel sick.
The ancient lich gestures at you while chanting.
The bolt of lightning hits you! You resist.
* * * LOW HITPOINT WARNING * * *
The red draconian knight casts a spell at you.
The shard of ice misses you.
You take 13 damage, and have 35/152 hp.
You now have 10/31 mp.
Really walk into that blade trap?
Okay, then.
You feel sick.
The orb of fire glows bright magenta.
The bolt of fire hits you! You resist.
* * * LOW HITPOINT WARNING * * *
The electric golem crackles and sizzles.
The red draconian knight mumbles some strange words.
The red draconian knight flickers and vanishes for a moment.
You take 20 damage, and have 15/152 hp.
You now have 4/31 mp.
You found a needle trap!
You feel sick.
The Killer Klown blinks!
The electric golem hurls lightning at you.
The bolt of lightning misses you. x2
The orb of fire glows bright magenta.
The bolt of fire hits you!
The orb of fire emits a lurid red light.
The bolt of fire hits you! You resist.
* * * LOW HITPOINT WARNING * * *
You take 1 damage, and have 14/152 hp.
You feel sick.
The red draconian knight gestures at you while chanting.
The shard of ice misses you.
The orb of fire glows yellow.
The bolt of fire misses you.
You see here 22 gold pieces.
Your system rejects the healing.
You feel better.
A huge blade swings out and slices into the orb of fire!
The orb of fire glows bright magenta.
The bolt of fire misses you.
The orb of fire glows red.
The bolt of fire hits you! You resist.
You die...

##.# #.............
#.########.#.###.##..##
#............# #.##..##
##########.### #.##....
#.# #.##.### #.# #.##.#
#'# #.##.#
################
##@*L..ยง........##
#..*^........^...##
#.^.q*.^..p........#
#......d.............
#......8.D.....^.....
#....................
#..........?.........
#............^.^.^...
#..............[.....


You could see 3 orbs of fire, a Killer Klown, an electric golem, a red draconian
knight (invisible), a golden dragon, an ancient lich and a yellow draconian.

Vanquished Creatures
  An ancient lich (Vaults:5)
  Mennas (Vaults:3)
  Mara (Depths:1)
  A juggernaut (Depths:3)
  Sojobo (Depths:3)
  Saint Roka (Orc:2)
  A curse toe (Zot:5)
  Margery (Vaults:2)
  A Killer Klown (Zot:3)
  2 caustic shrikes
  2 bone dragons (Depths:5)
  8 golden dragons
  Jory (Vaults:3)
  Nikola (Depths:2)
  the Enchantress (Depths:4)
  An electric golem (Zot:2)
  The ghost of Nublet the Victor of a Thousand Battles, an adept GnSk of Okawaru (Vaults:4)
  Jorgrun (Vaults:2)
  17 tentacled monstrosities
  A lich (Vaults:5)
  9 Orb Guardians (Zot:5)
  3 deep elf blademasters
  2 quicksilver dragons
  Asterion (Elf:2)
  2 deep elf master archers (Elf:3)
  A quicksilver dragon (shapeshifter) (Vaults:5)
  2 titans (Vaults:5)
  6 thorn hunters
  13 death cobs
  10 tengu reavers
  8 shadow dragons
  7 sphinxes
  Gastronok (D:8)
  A storm dragon (shapeshifter) (Vaults:5)
  18 storm dragons
  A draconian monk (Depths:5)
  Donald (Swamp:2)
  8 nagarajas
  8 deep elf sorcerers
  The ghost of Likado the Acrobat, an adept FeTm of Yredelemnul (Depths:4)
  3 ghost moths
  2 iron dragons
  13 frost giants
  8 fire giants
  20 vault wardens
  3 draconian scorchers
  An orc warlord (Vaults:4)
  Louise (D:14)
  Aizul (Snake:4)
  2 ghouls (D:14)
  5 draconian annihilators
  2 draconian stormcallers
  A draconian shifter (Depths:5)
  3 deep elf elementalists
  32 very ugly things
  15 ironheart preservers
  5 spriggan defenders
  21 stone giants
  A war gargoyle (Vaults:5)
  3 vampire knights
  6 green draconians
  5 black draconians
  A minotaur (Lab)
  7 deep elf demonologists
  8 deep elf annihilators
  7 purple draconians
  8 red draconians
  4 white draconians
  7 yellow draconians
  7 spark wasps
  2 blizzard demons
  13 ettins
  9 deep elf death magi
  6 deep elf high priests
  A crystal guardian (Vaults:4)
  A merfolk impaler (Depths:2)
  Harold (Lair:2)
  9 great orbs of eyes
  9 fire dragons
  28 vault guards
  17 naga warriors
  2 jiangshi (Depths:2)
  9 rakshasas
  15 yaktaur captains
  2 peacekeepers (Vaults:2)
  Erolcha (D:9)
  9 ice dragons
  7 spriggan air magi
  3 death knights
  A ghost crab (Swamp:4)
  26 hydras
  19 anacondas
  2 catoblepae
  10 alligators
  36 dancing weapons
  40 two-headed ogres
  5 deep troll shamans
  A catoblepas (shapeshifter) (Depths:2)
  5 tengu warriors
  14 deep troll earth magi
  12 centaur warriors
  The ghost of pokeman the Thaumaturge, a journeyman DEWz of Vehumet (D:10)
  3 vampire magi
  12 naga sharpshooters
  14 ogre magi
  7 orc high priests
  3 spriggan berserkers
  4 shock serpents
  A soul eater (Depths:1)
  16 deep elf knights
  2 iron trolls
  17 hell knights
  2 skeletal warriors
  A fire crab (Lair:6)
  A salamander mystic (Snake:3)
  2 shadow wraiths
  A small abomination (Elf:3)
  A sixfirhy (Depths:5)
  3 unseen horrors
  3 glowing orange brains
  4 flayed ghosts
  A spriggan druid (Swamp:3)
  32 deep trolls
  2 sea snakes (Snake:1)
  An infernal demonspawn (Depths:3)
  2 shambling mangroves (Swamp:4)
  13 naga ritualists
  9 swamp dragons
  An unseen horror (shapeshifter) (Vaults:2)
  19 deep elf archers
  3 wizards
  A harpy (shapeshifter) (Depths:4)
  16 ironbrand convokers
  4 harpies (Vaults:1)
  A torturous demonspawn (Depths:5)
  17 mana vipers
  5 phantasmal warriors
  A lindwurm (shapeshifter) (Vaults:5)
  9 orc knights
  8 necromancers
  An orb spider (shapeshifter) (Depths:1)
  A salamander (shapeshifter) (Vaults:2)
  2 manticores
  58 deep elf magi
  A frost giant zombie (Depths:2)
  4 orc sorcerers
  2 shining eyes (Trove)
  58 ugly things
  A mana viper (shapeshifter) (Depths:5)
  7 cyclopes
  10 salamanders
  5 wolf spiders
  A cyclops (shapeshifter) (Vaults:5)
  A moth of wrath (shapeshifter) (Depths:4)
  6 guardian serpents
  20 moths of wrath
  31 naga magi
  A black mamba (shapeshifter) (Depths:3)
  A rust devil (Depths:1)
  55 black mambas
  A fire giant skeleton (Vaults:5)
  A molten gargoyle (Elf:2)
  25 vault sentinels
  3 centaur zombies
  5 elephants (Lair:3)
  Maurice (Orc:1)
  3 ice statues (IceCv)
  A smoke demon (Depths:1)
  2 orange demons (Depths:5)
  20 spiny frogs
  A gargoyle (D:11)
  4 komodo dragons
  3 kobold demonologists
  57 yaktaurs
  A rime drake (shapeshifter) (D:13)
  A spark wasp simulacrum (Depths:2)
  2 efreet
  4 freezing wraiths
  A tormentor (Depths:5)
  3 tengu conjurers
  A hellwing (Depths:5)
  A komodo dragon (shapeshifter) (Depths:4)
  A yaktaur (shapeshifter) (Vaults:3)
  An ice devil (Depths:3)
  A queen bee (Lair:1)
  A queen bee (shapeshifter) (Elf:2)
  A polar bear (Lair:5)
  4 meliai (D:15)
  13 trolls
  6 tyrant leeches
  12 hornets
  5 bog bodies
  41 slime creatures
  A fire giant simulacrum (Depths:2)
  7 dream sheep (Lair:5)
  17 blink frogs
  A stone giant simulacrum (Depths:3)
  11 hippogriffs
  2 human simulacra (Vaults:5)
  A wraith (D:14)
  A centaur simulacrum (D:14)
  A redback (shapeshifter) (Vaults:3)
  4 air elementals
  7 water elementals
  2 ettin skeletons
  2 spriggan skeletons
  4 redbacks (Lair:6)
  A yak (shapeshifter) (D:13)
  9 spriggans
  2 elf zombies
  A shadow (Swamp:2)
  14 wyverns
  65 yaks
  3 basilisks
  4 fire elementals
  A hog (shapeshifter) (D:15)
  A hungry ghost (D:9)
  A human (shapeshifter) (Elf:2)
  18 vampire mosquitoes
  3 neqoxecs
  A steam dragon (D:14)
  An elf skeleton (Vaults:5)
  19 swamp worms
  4 wargs
  47 nagas
  5 insubstantial wisps (Swamp:2)
  23 water moccasins
  14 porcupines
  17 swamp drakes
  2 sky beasts
  2 black bears
  3 phantoms
  37 orc warriors
  10 ice beasts
  A necrophage (D:9)
  9 boggarts
  41 wolves
  An eye of draining (D:12)
  39 ogres
  34 centaurs
  8 crocodiles
  4 big kobolds
  A gnoll sergeant (D:13)
  5 earth elementals
  17 bullfrogs
  2 glowing shapeshifter simulacra
  3 wyvern zombies
  A water moccasin skeleton (D:9)
  4 scorpions
  24 killer bees (Lair:1)
  8 wights
  4 howler monkeys
  3 electric eels (Snake:1)
  10 crimson imps
  9 jellies
  3 quasits (Depths:5)
  30 orc priests
  9 hounds
  An iron imp (Depths:5)
  25 orc wizards
  3 bullfrog skeletons
  5 centaur skeletons
  3 iguanas
  5 hell rats
  11 worker ants
  2 mummies
  2 hound skeletons (D:6)
  A howler monkey skeleton (D:4)
  12 adders
  4 gnolls (D:13)
  4 shadow imps
  A white imp (Depths:5)
  An ufetubus (Depths:5)
  4 oozes
  An adder skeleton (D:10)
  2 adder zombies
  4 worms
  2 dart slugs (D:1)
  5 leopard geckos
  86 orcs
  2 ball pythons
  6 bats
  5 giant cockroaches
  9 goblins
  11 hobgoblins
  17 jackals
  5 quokkas
  5 frilled lizards
  A jackal skeleton (D:6)
  10 kobolds
  A leopard gecko skeleton (D:5)
  A quokka skeleton (D:5)
  6 rats
2303 creatures vanquished.

Vanquished Creatures (others)
  A naga warrior (Snake:4)
  A two-headed ogre (Depths:3)
  A deep troll (Depths:3)
  A deep elf mage (Elf:3)
  A naga mage (Snake:4)
  2 orc wizards
  11 briar patches
  31 fungi
  26 plants
  4 toadstools (D:1)
79 creatures vanquished.

Grand Total: 2382 creatures vanquished

Notes
Turn   | Place    | Note
-------+----------+-------------------------------------------
     0 | D:1      | Firecrotchwizard the Vine Stalker Ice Elementalist began the quest for the Orb.
     0 | D:1      | Reached XP level 1. HP: 9/9 MP: 4/4
   223 | D:1      | Reached skill level 1 in Fighting
   223 | D:1      | Reached XP level 2. HP: 10/14 MP: 3/6
   329 | D:1      | Reached skill level 1 in Short Blades
   842 | D:1      | Reached XP level 3. HP: 18/18 MP: 7/7
  1153 | D:1      | Reached skill level 2 in Short Blades
  1873 | D:2      | Gained mutation: Your natural rate of healing is unusually fast. [Vine Stalker growth]
  1873 | D:2      | Reached XP level 4. HP: 20/23 MP: 8/8
  1977 | D:2      | Found a hide-covered altar of Uskayaw.
  2000 | D:2      | Found a shattered altar of Ashenzari.
  2049 | D:2      | Found an iron altar of Okawaru.
  2051 | D:2      | Found a sparkling altar of Nemelex Xobeh.
  2271 | D:2      | Found a stormy altar of Qazlal.
  2429 | D:2      | rlgrobin: got a god in mind?
  2689 | D:3      | Found a faded altar of an unknown god.
  3002 | D:3      | Reached skill level 2 in Fighting
  3002 | D:3      | Reached skill level 3 in Short Blades
  3002 | D:3      | Reached XP level 5. HP: 26/26 MP: 9/9
  3090 | D:3      | Reached skill level 1 in Evocations
  3152 | D:3      | Found a shimmering altar of Xom.
  3542 | D:4      | Reached XP level 6. HP: 30/32 MP: 8/10
  3584 | D:4      | Found a bloodstained altar of Trog.
  3585 | D:4      | Found an ancient bone altar of Kikubaaqudgha.
  3598 | D:4      | Found a white marble altar of Elyvilon.
  3929 | D:2      | Became a worshipper of Warmaster Okawaru
  4021 | D:3      | rlgrobin: niiice
  4177 | D:4      | Reached skill level 4 in Short Blades
  4263 | D:4      | Reached skill level 2 in Evocations
  4511 | D:5      | Entered Level 5 of the Dungeon
  4533 | D:5      | Reached skill level 3 in Fighting
  4681 | D:5      | Noticed a phantom
  4693 | D:5      | Killed a phantom
  4693 | D:5      | Reached XP level 7. HP: 34/36 MP: 9/11
  4814 | D:5      | Reached * piety under Okawaru
  4814 | D:5      | Reached skill level 5 in Short Blades
  4857 | D:5      | HP: 6/36 [sky beast (4)]
  4863 | D:5      | Reached skill level 3 in Evocations
  5205 | D:5      | Found a staircase to the Ecumenical Temple.
  5517 | D:6      | Gained mutation: You have razor-sharp teeth. [Vine Stalker growth]
  5517 | D:6      | Reached XP level 8. HP: 42/42 MP: 12/12
  5547 | D:6      | Reached skill level 4 in Fighting
  5808 | D:6      | Reached skill level 6 in Short Blades
  6171 | D:6      | Found a sacrificial altar of Ru.
  6240 | D:6      | Reached skill level 4 in Evocations
  6257 | D:6      | Reached ** piety under Okawaru
  6376 | D:7      | Reached skill level 7 in Short Blades
  6395 | D:7      | Found a snail-covered altar of Cheibriados.
  6447 | D:7      | Reached skill level 5 in Fighting
  6447 | D:7      | Reached XP level 9. HP: 29/47 MP: 9/13
  7260 | D:8      | Reached skill level 5 in Evocations
  7444 | D:8      | Found Bued Cep's Assorted Antiques.
  7452 | D:8      | Bought a shiny helmet for 157 gold pieces
  7452 | D:8      | Bought a runed copper wand for 84 gold pieces
  7452 | D:8      | Bought a scroll labeled HUAPOV KONT for 21 gold pieces
  7452 | D:8      | Bought a sharpened wooden wand for 84 gold pieces
  7466 | D:8      | Noticed a two-headed ogre
  7469 | D:8      | Killed a two-headed ogre
  7469 | D:8      | Reached *** piety under Okawaru
  7469 | D:8      | Reached skill level 8 in Short Blades
  7536 | D:8      | Noticed Gastronok
  7839 | D:8      | Reached **** piety under Okawaru
  8080 | D:8      | Found a shadowy altar of Dithmenos.
  8124 | D:8      | Killed Gastronok
  8124 | D:8      | Received a gift from Okawaru
  8124 | D:8      | Reached skill level 6 in Fighting
  8124 | D:8      | Reached skill level 9 in Short Blades
  8124 | D:8      | Reached skill level 6 in Evocations
  8124 | D:8      | Reached XP level 10. HP: 48/53 MP: 15/15
  8229 | D:9      | Reached ***** piety under Okawaru
  8391 | D:9      | Reached skill level 7 in Fighting
  8415 | D:9      | Found a staircase to the Lair.
  8418 | D:9      | Reached skill level 10 in Short Blades
  8471 | D:9      | Reached skill level 7 in Evocations
  8524 | D:9      | Noticed Erolcha
  8765 | D:9      | Noticed a two-headed ogre
  8780 | D:9      | Killed a two-headed ogre
  8780 | D:9      | Reached skill level 8 in Fighting
  8780 | D:9      | Reached skill level 8 in Evocations
  8780 | D:9      | Reached XP level 11. HP: 60/60 MP: 16/18
  8894 | D:9      | Found an ornate altar of the Wu Jian Council.
  9025 | D:9      | Killed Erolcha
  9025 | D:9      | Received a gift from Okawaru
  9025 | D:9      | Reached skill level 2 in Dodging
  9025 | D:9      | Reached skill level 1 in Invocations
  9028 | D:9      | Got a bloodstained rapier {god gift}
  9064 | D:9      | Identified the +7 rapier of the Boar {venom, rElec rPois Str-3} (Okawaru gifted it to you on level 9 of the Dungeon)
  9210 | D:10     | Entered Level 10 of the Dungeon
  9210 | D:10     | Noticed a two-headed ogre
  9213 | D:10     | Killed a two-headed ogre
  9213 | D:10     | Reached skill level 2 in Invocations
  9215 | D:10     | Noticed pokeman's ghost (journeyman DEWz)
  9277 | Lair:1   | Entered Level 1 of the Lair of Beasts
  9291 | Lair:1   | HP: 15/60 [poisoned by a spiny frog]
  9506 | Lair:1   | Reached skill level 3 in Dodging
  9519 | Lair:1   | Reached skill level 3 in Invocations
  9559 | Lair:1   | Reached skill level 9 in Fighting
  9730 | Lair:1   | Received a gift from Okawaru
  9774 | Lair:1   | Reached ****** piety under Okawaru
  9774 | Lair:1   | Reached skill level 4 in Invocations
  9884 | Lair:1   | Reached skill level 1 in Armour
 10152 | Lair:2   | Noticed a six-headed hydra
 10162 | Lair:2   | Killed a six-headed hydra
 10162 | Lair:2   | Reached skill level 1 in Shields
 10188 | Lair:2   | Gained mutation: You heal very quickly. [Vine Stalker growth]
 10188 | Lair:2   | Reached XP level 12. HP: 50/67 MP: 19/19
 10226 | Lair:2   | Reached skill level 2 in Shields
 10278 | Lair:2   | Noticed an eight-headed hydra
 10286 | Lair:2   | Noticed Harold
 10286 | Lair:2   | Killed an eight-headed hydra
 10286 | Lair:2   | Reached skill level 5 in Invocations
 10313 | Lair:2   | Killed Harold
 10313 | Lair:2   | Reached skill level 3 in Shields
 10493 | Lair:2   | Reached skill level 4 in Shields
 11112 | Lair:2   | Reached skill level 10 in Fighting
 11143 | Lair:2   | Reached skill level 6 in Invocations
 11198 | Lair:3   | Received a gift from Okawaru
 11205 | Lair:3   | Reached skill level 5 in Shields
 11305 | Lair:3   | HP: 16/67 [blink frog (5)]
 11813 | Lair:3   | Got a scorched scimitar
 11827 | Lair:3   | Reached skill level 6 in Shields
 11962 | Lair:3   | Reached skill level 2 in Armour
 11990 | Lair:3   | Noticed a catoblepas
 12006 | Lair:3   | Killed a catoblepas
 12006 | Lair:3   | Reached skill level 3 in Armour
 12006 | Lair:3   | Reached skill level 7 in Invocations
 12059 | Lair:3   | Received a gift from Okawaru
 12191 | Lair:4   | Reached XP level 13. HP: 58/72 MP: 15/20
 12439 | Lair:4   | Found a staircase to the Snake Pit.
 12490 | Lair:4   | Found a staircase to the Swamp.
 12513 | Lair:4   | Reached skill level 4 in Armour
 13292 | Lair:5   | Got a shimmering long sword
 13497 | Lair:5   | Reached skill level 5 in Armour
 13599 | Lair:5   | Found a staircase to the Slime Pits.
 13629 | Lair:5   | Reached skill level 11 in Fighting
 13800 | Lair:5   | Received a gift from Okawaru
 13800 | Lair:5   | Reached skill level 8 in Invocations
 13954 | Lair:6   | Entered Level 6 of the Lair of Beasts
 14157 | Lair:5   | Reached skill level 6 in Armour
 14541 | Lair:6   | Reached skill level 4 in Dodging
 14809 | Lair:6   | Reached skill level 9 in Invocations
 14817 | Lair:6   | Reached XP level 14. HP: 79/79 MP: 21/21
 14846 | Lair:6   | Reached skill level 5 in Dodging
 15022 | Lair:6   | Received a gift from Okawaru
 15291 | Lair:6   | Reached skill level 6 in Dodging
 16004 | D:10     | Killed pokeman's ghost
 16796 | D:11     | Reached skill level 12 in Fighting
 16887 | D:11     | Learned a level 2 spell: Blink
 17174 | D:11     | Gained mutation: Scrolls take you a little longer to read. [a neqoxec]
 17199 | D:11     | Found a frozen archway.
 17210 | IceCv    | Entered an ice cave
 17386 | IceCv    | Got a scorched tin ring
 17388 | IceCv    | Identified the ring "Xilubu" {Fire rElec rN+ Str+2 Slay+6} (You found it in an ice cave)
 17503 | D:11     | Reached skill level 7 in Shields
 17503 | D:11     | Reached skill level 10 in Invocations
 18059 | D:12     | Reached skill level 1 in Translocations
 18113 | D:12     | Found a burning altar of Makhleb.
 18130 | D:12     | Received a gift from Okawaru
 18292 | D:12     | Found a viscous altar of Jiyva.
 18303 | D:12     | Found Suny's Armour Shoppe.
 18305 | D:12     | Found a staircase to the Orcish Mines.
 18373 | D:12     | Got a brightly glowing halberd
 18385 | D:12     | Found a transporter.
 18460 | D:12     | Reached skill level 2 in Translocations
 18659 | D:12     | Found a transporter.
 18686 | D:12     | Reached skill level 8 in Shields
 18742 | D:12     | Identified the ring of Nesuyqum {+Blink rPois rN+ MR-} (You found it on level 12 of the Dungeon)
 18753 | D:12     | Identified a scroll of acquirement
 18798 | Orc:1    | Entered Level 1 of the Orcish Mines
 18806 | Orc:1    | Noticed Maurice
 18881 | Orc:1    | Killed Maurice
 18881 | Orc:1    | Reached XP level 15. HP: 85/85 MP: 23/23
 18904 | Orc:1    | Reached skill level 3 in Translocations
 19358 | Orc:2    | Entered Level 2 of the Orcish Mines
 19427 | Orc:2    | Noticed Saint Roka
 19454 | Orc:2    | Received a gift from Okawaru
 19732 | Orc:2    | Killed Saint Roka
 19732 | Orc:2    | Reached skill level 9 in Shields
 19929 | Orc:2    | Found a staircase to the Elven Halls.
 20275 | Orc:2    | HP: 17/85 [orc priest/divine providence (10)]
 20688 | Orc:2    | Found Refyt's Magic Scroll Emporium.
 20688 | Orc:2    | Found Pokk's Book Emporium.
 20694 | Orc:2    | Found Coacamm's Book Shoppe.
 20698 | Orc:2    | Found Ixkoxtom's Gadget Shoppe.
 21162 | D:13     | Reached skill level 10 in Shields
 21362 | D:13     | Reached skill level 13 in Fighting
 21855 | D:14     | Found a labyrinth entrance.
 21864 | Lab      | Entered a labyrinth
 22162 | Lab      | Received a gift from Okawaru
 22169 | Lab      | Identified the +3 ring mail of the Wumpus {rN+++ MR- Regen+ rCorr} (You found it in a labyrinth)
 22201 | D:14     | Noticed Louise
 22217 | D:14     | Killed Louise
 22276 | D:14     | Found a gate to the Vaults.
 22304 | D:14     | Received a gift from Okawaru
 22330 | D:14     | HP: 18/86 [vault guard/glaive (9)]
 22353 | D:14     | Reached skill level 11 in Shields
 22532 | D:14     | Found Bioz's Antique Armour Shoppe.
 22542 | D:14     | Bought a pitted cloak for 304 gold pieces
 22542 | D:14     | Bought a pair of distressingly furry gloves for 304 gold pieces
 22552 | D:14     | Identified the +1 cloak "Bymog" {+Inv Int+9 Slay-3} (You bought it in a shop on level 14 of the Dungeon)
 22562 | D:14     | Identified the +4 pair of gloves of Robata {rC+ rCorr Str+2} (You bought it in a shop on level 14 of the Dungeon)
 22579 | D:14     | Found a blossoming altar of Fedhas.
 22716 | D:14     | Noticed Frances
 22954 | D:14     | Reached XP level 16. HP: 78/91 MP: 24/24
 23229 | D:15     | Entered Level 15 of the Dungeon
 23380 | D:15     | Reached skill level 12 in Shields
 23532 | D:15     | Received a gift from Okawaru
 23673 | D:15     | Lost mutation: Scrolls take you a little longer to read. [potion of mutation]
 23673 | D:15     | Gained mutation: You passively map a small area around you. [potion of mutation]
 23673 | D:15     | Gained mutation: You are resistant to electric shocks. (rElec) [potion of mutation]
 23673 | D:15     | Gained mutation: You are agile. (Dex +2) [potion of mutation]
 23673 | D:15     | Gained mutation: Your muscles are strong. (Str +2) [potion of mutation]
 23769 | D:15     | Learned a level 2 spell: Swiftness
 23796 | D:15     | Found a staircase to the Depths.
 24248 | Swamp:1  | Entered Level 1 of the Swamp
 24261 | Swamp:1  | Reached skill level 14 in Fighting
 24937 | Swamp:2  | Noticed a thorn hunter
 24960 | Swamp:2  | Received a gift from Okawaru
 24975 | Swamp:2  | Killed a thorn hunter
 24975 | Swamp:2  | Reached skill level 13 in Shields
 25079 | Swamp:2  | Got a bloodstained short sword {god gift}
 25080 | Swamp:2  | Identified the +9 short sword of Bysene {elec, rElec rF- rC+} (Okawaru gifted it to you on level 2 of the Swamp)
 25290 | Swamp:2  | Noticed Donald
 25314 | Swamp:2  | Killed Donald
 25399 | Swamp:2  | Received a gift from Okawaru
 25401 | Swamp:2  | Got a pair of distressingly furry gloves {god gift}
 25412 | Swamp:2  | Identified the +1 pair of gloves of the Scribe {-Tele Str+2 Int+6} (Okawaru gifted it to you on level 2 of the Swamp)
 25897 | Swamp:3  | Noticed a thorn hunter
 25909 | Swamp:3  | Killed a thorn hunter
 25930 | Swamp:3  | Reached skill level 14 in Shields
 25982 | Swamp:3  | Reached XP level 17. HP: 98/98 MP: 25/25
 26526 | Swamp:4  | Entered Level 4 of the Swamp
 26775 | Swamp:4  | Reached skill level 15 in Fighting
 26836 | Swamp:3  | HP: 22/99 [seven-headed hydra (10)]
 26839 | Swamp:3  | HP: 9/99 [seven-headed hydra (6)]
 26844 | Swamp:3  | HP: 6/99 [swamp worm (3)]
 26946 | Swamp:4  | Reached skill level 15 in Shields
 27125 | Swamp:4  | Received a gift from Okawaru
 27262 | Swamp:4  | Identified the amulet of Dawn {Faith Fragile rC++ MR+ Stlth+} (You found it on level 4 of the Swamp)
 27402 | Swamp:4  | Got a decaying rune of Zot
 27879 | Snake:1  | Entered Level 1 of the Snake Pit
 27964 | Snake:1  | Received a gift from Okawaru
 27976 | Snake:1  | Reached skill level 16 in Fighting
 27985 | Snake:1  | Identified a +0 pair of boots of running (Okawaru gifted it to you on level 1 of the Snake Pit)
 28202 | Snake:1  | Reached XP level 18. HP: 33/107 MP: 6/26
 28509 | Snake:1  | Found Qatip's Distillery.
 28513 | Snake:1  | Found Veusuotyext's Jewellery Boutique.
 28514 | Snake:1  | Found Vago's Magic Scroll Shop.
 28559 | Snake:1  | Bought a scroll of enchant weapon for 90 gold pieces
 28789 | Snake:1  | Reached skill level 7 in Armour
 28912 | Snake:1  | Found a white marble altar of Elyvilon.
 28923 | Snake:1  | Reached skill level 7 in Dodging
 29537 | Snake:2  | Received a gift from Okawaru
 30019 | Snake:2  | Identified the ring "Afatatoi" {-Tele MP+9 Int+4 Dex+4 SInv} (You found it on level 2 of the Snake Pit)
 30065 | Snake:2  | Noticed Vashnia
 30543 | Snake:3  | Reached skill level 17 in Fighting
 30624 | Snake:3  | Reached skill level 8 in Armour
 30683 | Snake:3  | Reached skill level 8 in Dodging
 30800 | Snake:3  | Received a gift from Okawaru
 31263 | Snake:3  | Reached skill level 4 in Translocations
 31547 | Snake:4  | Entered Level 4 of the Snake Pit
 31575 | Snake:4  | Noticed Aizul
 31600 | Snake:4  | Received a gift from Okawaru
 31600 | Snake:4  | Reached XP level 19. HP: 112/112 MP: 27/27
 31863 | Snake:4  | Reached skill level 5 in Translocations
 32082 | Snake:4  | Received a gift from Okawaru
 32147 | Snake:4  | Reached skill level 18 in Fighting
 32336 | Snake:4  | Got a fine scale mail {god gift}
 32491 | Snake:4  | Got a serpentine rune of Zot
 32515 | Snake:4  | Identified the +0 scale mail of the Land of Plenty {-Tele rF+ Regen+ SInv} (Okawaru gifted it to you on level 4 of the Snake Pit)
 32717 | Snake:4  | Reached skill level 9 in Armour
 32815 | Snake:4  | Killed Aizul
 32834 | Snake:4  | Upgraded the game from 0.22-a0-253-gf9d0ce5 to 0.22-a0-254-gaf95ca0
 33072 | Vaults:1 | Entered Level 1 of the Vaults
 33197 | Vaults:1 | Reached skill level 9 in Dodging
 33355 | Vaults:1 | Received a gift from Okawaru
 33359 | Vaults:1 | Got a brightly glowing rapier {god gift}
 33360 | Vaults:1 | Identified the +1 rapier of Ostid {freeze, rC+ MR+ Stlth+} (Okawaru gifted it to you on level 1 of the Vaults)
 33818 | Vaults:1 | Found a snail-covered altar of Cheibriados.
 33947 | Vaults:1 | Reached XP level 20. HP: 90/120 MP: 28/28
 34134 | Vaults:1 | Received a gift from Okawaru
 34287 | Vaults:1 | Reached skill level 10 in Armour
 34327 | Vaults:1 | Reached skill level 10 in Dodging
 34437 | Vaults:1 | Received a gift from Okawaru
 34866 | Vaults:2 | Noticed Jorgrun
 35141 | Vaults:2 | Reached skill level 19 in Fighting
 35148 | Vaults:2 | Received a gift from Okawaru
 35223 | Vaults:2 | Noticed Margery
 35251 | Vaults:2 | Killed Margery
 35340 | Vaults:2 | Found Xeaw's Gadget Shop.
 35489 | Vaults:2 | Found a ruined gateway.
 35610 | Vaults:2 | Found a staircase to the Crypt.
 35690 | Vaults:2 | Killed Jorgrun
 35790 | Vaults:2 | Reached skill level 9 in Evocations
 35799 | Vaults:2 | Received a gift from Okawaru
 36055 | Vaults:3 | Reached XP level 21. HP: 120/126 MP: 29/29
 36451 | Vaults:3 | Reached skill level 10 in Evocations
 36646 | Vaults:3 | Noticed Jory
 36667 | Vaults:3 | Killed Jory
 36672 | Vaults:3 | Received a gift from Okawaru
 36672 | Vaults:3 | Reached skill level 20 in Fighting
 37122 | Vaults:3 | Identified the +6 scale mail "Haqy" {Int+3} (You found it on level 3 of the Vaults)
 37313 | Vaults:3 | Received a gift from Okawaru
 37321 | Vaults:3 | Got a slimy hunting sling {god gift}
 37713 | Vaults:4 | Noticed Mennas
 37789 | Vaults:3 | Killed Mennas
 37829 | Vaults:4 | Reached skill level 11 in Armour
 37848 | Vaults:4 | Received a gift from Okawaru
 37927 | Vaults:4 | Reached skill level 11 in Dodging
 38202 | Vaults:4 | Noticed Nublet's ghost (adept GnSk)
 38255 | Vaults:4 | Killed Nublet's ghost
 38613 | Vaults:4 | Reached XP level 22. HP: 134/134 MP: 30/30
 39102 | Vaults:4 | Reached skill level 21 in Fighting
 39575 | Elf:1    | Entered Level 1 of the Elven Halls
 39716 | Elf:1    | Received a gift from Okawaru
 39736 | Elf:1    | Identified the Papyrus of Creation
 39740 | Elf:1    | Learned a level 1 spell: Summon Butterflies
 39744 | Elf:1    | Learned a level 3 spell: Spectral Weapon
 40341 | Elf:1    | Found Wely's Weapon Shoppe.
 40431 | Elf:1    | Found Vubeylob's Gadget Shoppe.
 40431 | Elf:1    | Found Ofopp's Jewellery Boutique.
 40432 | Elf:1    | Found Idonuts's Gadget Shoppe.
 40689 | Elf:2    | Found a runed gate.
 41038 | Elf:2    | Reached skill level 12 in Armour
 41094 | Elf:2    | Reached skill level 12 in Dodging
 41172 | Elf:2    | Found a runed gate.
 41173 | Elf:2    | Found a runed gate.
 41259 | Elf:2    | Found Jonnap's Elven Fire.
 41796 | Elf:2    | Noticed Asterion
 41808 | Elf:2    | Received a gift from Okawaru
 41824 | Elf:2    | Killed Asterion
 42236 | Elf:3    | Entered Level 3 of the Elven Halls
 42387 | Elf:3    | Received a gift from Okawaru
 42781 | Elf:3    | Reached XP level 23. HP: 93/140 MP: 31/31
 42948 | Elf:3    | Upgraded the game from 0.22-a0-254-gaf95ca0 to 0.22-a0-265-g0d8bc90
 43460 | Elf:3    | Reached skill level 13 in Armour
 43495 | Elf:3    | Received a gift from Okawaru
 43562 | Elf:3    | Reached skill level 13 in Dodging
 43590 | Elf:3    | Identified the +6 scale mail of a treasure trove {+Fly Str+3} (You found it on level 3 of the Elven Halls)
 43648 | Elf:3    | Got a twisted hand crossbow
 43723 | Elf:3    | Got a bloodstained double sword {elec}
 43763 | Elf:3    | Got a crystal shortbow
 43770 | Elf:3    | Got a blackened ring mail
 43771 | Elf:3    | Identified the +1 ring mail of the Manifold Lovers {Str+4} (You found it on level 3 of the Elven Halls)
 43774 | Elf:3    | Identified the Guide on Heat
 44380 | Depths:1 | Entered Level 1 of the Depths
 44740 | Depths:1 | Received a gift from Okawaru
 44868 | Depths:1 | Found a gateway to a ziggurat.
 44958 | Depths:1 | Found a gateway to Hell.
 44991 | Depths:1 | Noticed Bai Suzhen
 45011 | Depths:1 | Noticed Mara
 45015 | Depths:1 | Noticed Firecrotchwizard's illusion
 45178 | Depths:1 | Reached skill level 22 in Fighting
 45351 | Depths:1 | Found a one-way gate leading to the halls of Pandemonium.
 45535 | Depths:1 | Noticed Firecrotchwizard's illusion
 45555 | Depths:1 | Killed Mara
 45889 | Depths:2 | Found a one-way gate to the infinite horrors of the Abyss.
 46386 | Depths:2 | Reached XP level 24. HP: 147/147 MP: 31/31
 46387 | Depths:2 | Noticed Nikola
 46414 | Depths:2 | Received a gift from Okawaru
 46450 | Depths:2 | Killed Nikola
 46456 | Depths:2 | Reached skill level 14 in Armour
 46514 | Depths:2 | Identified the +5 plate armour of Cowardice {rF+ Str+3} (Okawaru gifted it to you on level 2 of the Depths)
 46583 | Depths:2 | Reached skill level 14 in Dodging
 47376 | Depths:3 | Received a gift from Okawaru
 47443 | Depths:3 | Noticed Sojobo
 47755 | Depths:3 | Found a portal to a secret trove of treasure.
 47763 | Depths:3 | You paid a toll of 5 scrolls of blinking to enter a treasure trove
 47764 | Trove    | Entered a treasure trove
 47764 | Trove    | Found the +7 Spriggan's Knife {MR+ EV+4 Dex+4 Stlth+}
 47793 | Trove    | Gained mutation: You are frail. (-10% HP) [a shining eye]
 47799 | Trove    | Gained mutation: You occasionally shout uncontrollably at your foes. [a shining eye]
 47800 | Trove    | Gained mutation: Armour fits poorly on your strangely shaped body. [a shining eye]
 47802 | Trove    | Gained mutation: Scrolls take you a little longer to read. [a shining eye]
 47838 | Trove    | Got a smoking buckler
 47841 | Trove    | Identified the +0 buckler of the Dice {Dex+2} (You found it in a treasure trove)
 48071 | Depths:3 | Killed Sojobo
 48604 | Depths:3 | Noticed a caustic shrike
 48604 | Depths:3 | Noticed a juggernaut
 48632 | Depths:3 | Killed a juggernaut
 48727 | Depths:3 | Killed a caustic shrike
 48750 | Depths:3 | Identified the ring "Apejawko" {rPois Stlth+} (You found it on level 3 of the Depths)
 49023 | Depths:4 | Reached skill level 15 in Armour
 49034 | Depths:4 | Noticed the Enchantress
 49064 | Depths:4 | Killed the Enchantress
 49064 | Depths:4 | Received a gift from Okawaru
 49064 | Depths:4 | Reached skill level 15 in Dodging
 49070 | Depths:4 | Reached XP level 25. HP: 68/137 MP: 31/31
 49162 | Depths:4 | Identified the +2 faerie dragon scales {rElec rCorr Int+6 Clar} (You took it off the Enchantress on level 4 of the Depths)
 49400 | Depths:4 | Reached skill level 23 in Fighting
 49638 | Depths:4 | Reached skill level 1 in Charms
 49638 | Depths:4 | Reached skill level 1 in Summonings
 49692 | Depths:4 | Reached skill level 2 in Charms
 49692 | Depths:4 | Reached skill level 2 in Summonings
 49780 | Depths:4 | Noticed Likado's ghost (adept FeTm)
 49816 | Depths:4 | Killed Likado's ghost
 49859 | Depths:4 | Lost mutation: Your muscles are strong. (Str +2) [potion of mutation]
 49859 | Depths:4 | Lost mutation: Scrolls take you a little longer to read. [potion of mutation]
 49859 | Depths:4 | Gained mutation: You can translocate small distances at will. [potion of mutation]
 50008 | Depths:4 | Lost mutation: You passively map a small area around you. [potion of mutation]
 50008 | Depths:4 | Lost mutation: You are agile. (Dex +2) [potion of mutation]
 50008 | Depths:4 | Lost mutation: Armour fits poorly on your strangely shaped body. [potion of mutation]
 50008 | Depths:4 | Gained mutation: You tend to lose your temper in combat. [potion of mutation]
 50008 | Depths:4 | Gained mutation: You are agile. (Dex +2) [potion of mutation]
 50873 | Vaults:5 | Entered Level 5 of the Vaults
 50976 | Vaults:5 | Received a gift from Okawaru
 51197 | Vaults:5 | Noticed an ancient lich
 51221 | Vaults:5 | Killed an ancient lich
 51222 | Vaults:5 | Lost mutation: You can translocate small distances at will. [potion of mutation]
 51222 | Vaults:5 | Lost mutation: You tend to lose your temper in combat. [potion of mutation]
 51222 | Vaults:5 | Gained mutation: You are weak. (Str -2) [potion of mutation]
 51222 | Vaults:5 | Gained mutation: You expend magic power (3 MP) to strengthen your wands. [potion of mutation]
 51222 | Vaults:5 | Gained mutation: You are partially covered in large bone plates. (SH +4) [potion of mutation]
 51223 | Vaults:5 | Lost mutation: You are agile. (Dex +2) [potion of mutation]
 51223 | Vaults:5 | Lost mutation: You are frail. (-10% HP) [potion of mutation]
 51223 | Vaults:5 | Lost mutation: You occasionally shout uncontrollably at your foes. [potion of mutation]
 51223 | Vaults:5 | Gained mutation: You are partially covered in icy blue scales. (AC +2) [potion of mutation]
 51223 | Vaults:5 | Lost mutation: You are weak. (Str -2) [potion of mutation]
 51223 | Vaults:5 | Gained mutation: Your spells are a little harder to cast, but a little more powerful. [potion of mutation]
 51224 | Vaults:5 | Lost mutation: You are partially covered in icy blue scales. (AC +2) [potion of mutation]
 51224 | Vaults:5 | Lost mutation: You are resistant to electric shocks. (rElec) [potion of mutation]
 51224 | Vaults:5 | Gained mutation: Your muscles are strong. (Str +2) [potion of mutation]
 51239 | Vaults:5 | Reached XP level 26. HP: 109/161 MP: 29/31
 51262 | Vaults:5 | HP: 38/161 [yaktaur captain (15)]
 51267 | Vaults:5 | HP: 17/161 [yaktaur captain (8)]
 51321 | Vaults:5 | Reached skill level 16 in Armour
 51455 | Vaults:5 | Got a silver rune of Zot
 51501 | Vaults:5 | Reached skill level 16 in Dodging
 51746 | Vaults:5 | Received a gift from Okawaru
 51866 | Vaults:5 | Reached skill level 24 in Fighting
 52019 | Vaults:5 | Found the +4 arc blade {discharge, rElec}
 53060 | Depths:5 | Entered Level 5 of the Depths
 53096 | Depths:5 | Received a gift from Okawaru
 54177 | Depths:5 | Found a gate to the Realm of Zot.
 54380 | Zot:1    | Entered Level 1 of the Realm of Zot
 54453 | Zot:1    | Reached skill level 17 in Armour
 54469 | Zot:1    | Received a gift from Okawaru
 54469 | Zot:1    | Reached XP level 27. HP: 128/168 MP: 31/31
 54477 | Zot:1    | Reached skill level 17 in Dodging
 54486 | Zot:1    | Identified the +10 falchion of Jehicw {drain, Int+2} (Okawaru gifted it to you on level 1 of the Realm of Zot)
 55150 | Zot:2    | Received a gift from Okawaru
 55916 | Zot:2    | Received a gift from Okawaru
 56822 | Zot:4    | Reached skill level 25 in Fighting
 57401 | Zot:4    | Reached skill level 18 in Armour
 57498 | Zot:4    | Reached skill level 18 in Dodging
 57753 | Zot:5    | Entered Level 5 of the Realm of Zot
 58026 | Zot:5    | Received a gift from Okawaru
 58310 | Zot:5    | Noticed an orb of fire
 58334 | Zot:5    | Noticed an ancient lich
 58334 | Zot:5    | Noticed an orb of fire
 58349 | Zot:5    | Noticed an orb of fire
 58352 | Zot:5    | Gained mutation: You are frail. (-10% HP) [an orb of fire]
 58353 | Zot:5    | Gained mutation: You occasionally shout uncontrollably at your foes. [an orb of fire]
 58355 | Zot:5    | HP: 35/152 [ancient lich/bolt of lightning (13)]
 58356 | Zot:5    | HP: 15/152 [orb of fire/bolt of fire (21)]
 58359 | Zot:5    | Killed from afar by an orb of fire

Vault maps used:
D:1:      ldierk_walled_garden_2
D:2:      evilmike_ruin_ashenzari, lemuel_doored_altar,
          nicolae_qazlal_general_emergency,
          chequers_temple_overflow_statue_of_worship
D:3:      xom_teletrap_fun, chequers_ecumenical_altar_island
D:4:      minitemple
D:5:      minmay_temple_entry_poolview, first_ration
D:6:      basic_altar, lightli_orcish_oven
D:7:      cheibriados_altar_1
D:8:      marbit_many_paths, serial_shops, shop, uniq_gastronok
D:9:      overflow_temple_1_default, grunt_lair_entry_orc_guard_hut,
          blue_anna_alchemist, uniq_erolcha
D:11:     portal_ice_cave_entry_pillars_1
D:12:     gammafunk_jiyva_shrine, orc_david_3, basic_altar
D:13:     serial_corexii_hall, corexii_hall_statues_u, corexii_hall_statues_u,
          corexii_hall_statues_i, nicolae_two_hexagons
D:14:     lightli_vaults_fourway_checkpoint, serial_bayou_ford_a,
          lab_entry_generic, serial_shops, shop, fedhas_altar_2, uniq_louise,
          uniq_frances
D:15:     grunt_enter_depths_snipers, serial_undead, serial_undead_f,
          serial_undead_e, serial_undead_c, serial_undead_e, minmay_evil_grid
Lair:2:   infiniplex_staircase_pool_2, grunt_megastairs_4, uniq_harold
Lair:4:   swamp_mist_pool, guppyfry_snake_entry_garden
Lair:5:   nicolae_slime_entry_slimehenge, grunt_forest_stairs_clearing
Lair:6:   hangedman_lair_tendril_chambers, grunt_forest_large_clearings
Swamp:1:  serial_swamp_ruin, evilmike_swamp_ruin_house_3,
          evilmike_swamp_ruin_house_5, evilmike_swamp_ruin_rubble_1
Swamp:2:  evilmike_swamp_ruin_house_4, uniq_donald
Swamp:3:  infiniplex_staircase_pool
Swamp:4:  swamp
Snake:1:  cheibrodos_snake_ritualist_ritual, basic_altar, minmay_shop_star,
          serial_bayou_shore_a
Snake:2:  uniq_vashnia
Snake:3:  nicolae_snake_double_loop, library_closet
Snake:4:  snake_pit, uniq_aizul
Orc:1:    nicolae_orc_lava_room, uniq_maurice
Orc:2:    st_orc_mages, uniq_saint_roka
Elf:1:    elf_arrival_001, serial_shops,
          nicolae_shop_competitors_out_of_business, minmay_elf_demonology,
          minmay_shop_grove
Elf:2:    serial_sigils_hangedman_scratch, guppyfry_elf_lava, uniq_asterion
Elf:3:    minmay_elf_hall_dome, hex_tiny, basic_stair_grate_trap,
          grunt_megastairs_1
Vaults:1: ontoclasm_vaults_gallery, nicolae_vaults_border_crossing, v_misc_30,
          ontoclasm_vaults_bender, hangedman_vaults_restitches, v_misc_8,
          v_misc_24, v_misc_22, v_pattern_1, hangedman_vaults_slice,
          vaults_room_pools, basic_altar
Vaults:2: blue_anna_dwarven_crypt, hangedman_vaults_variations,
          nicolae_vaults_shelves_hall, dpeg_vaults_waves, ontoclasm_vaults_chip,
          vaults_dpeg_hooks, v_misc_33, ontoclasm_vaults_spin,
          nicolae_vaults_alarming, hangedman_vaults_pinch,
          nicolae_vaults_asterisk, nicolae_vaults_diagonal_hallway_7,
          serial_shops, nicolae_shop_stone, portal_desolation_entry_twin_temple,
          uniq_jorgrun, uniq_margery
Vaults:3: nicolae_vaults_little_squares_1, hangedman_vaults_cutoff,
          dpeg_vaults_monster_box, nicolae_vaults_big_angled_halls,
          nicolae_vaults_minivaults, ontoclasm_vaults_pinch, v_misc_5,
          hangedman_vaults_snaps, nicolae_vaults_big_angled_halls, v_pattern_5,
          vaults_mumra_hexcomb, nicolae_vaults_little_squares_6, uniq_jory
Vaults:4: grunt_vaults_focal, serial_ice_b, ontoclasm_vaults_shuriken,
          vaults_dpeg_encased_lava, nicolae_vaults_mini_display_case,
          uniq_mennas
Depths:1: enter_ziggurat_b, hell_entry, rand_demon_pan_entry_1,
          minmay_misc_feat_diagonals, lemuel_another_geyser, firewood_loft,
          uniq_mara, uniq_bai_suzhen
Depths:2: kennysheep_green_arena, abyss_entry, grunt_metal_band, uniq_nikola
Depths:3: minmay_the_grid_triangle_9x9_rhombus_full, serial_bayou_shore_b,
          pf_hell_entry_great_geh, nicolae_trove_entry_crossroad,
          rand_demon_pan_entry_8, grunt_ministairs_4,
          minmay_staircase_windowed_small, uniq_sojobo
Depths:4: evilmike_diamond_2, hangedman_coc_ice_floe, abyss_entry,
          corexii_corridor_pit, infiniplex_staircase_star, serial_bayou_shore_b,
          uniq_enchantress
Depths:5: grunt_zot_entry_pinwheel, hangedman_decor_riveting, abyss_entry,
          grunt_pan_entry_sceptre, hell_entry
Zot:2:    kennysheep_blocky_room, st_stairs_8, grunt_megastairs_3,
          basic_stair_grate_trap
Zot:4:    grunt_megastairs_2
Zot:5:    grunt_ministairs_8
Trove:    trove_treasure_island
IceCv:    ice_cave_statue_garden_chambered

Skill      XL: |  1  2  3  4  5  6  7  8  9 10 11 12 13 14 15 16 17 18 19 20 21 22 23 24 25 26 27 |
---------------+----------------------------------------------------------------------------------+-----
Fighting       | 1 2 3 5 6 8 9 10 11 12 13 14 16 17 18 19 20 21 22 23 24 25 | 25.4
Short Blades   | 1 2 3 4 5 7 9 10 | 10.4
Evocations     | 1 2 3 4 6 8 9 10 | 10.0
Dodging        | 3 4 6 8 9 10 11 12 13 15 16 18 | 18.3
Invocations    | 4 7 9 10 | 10.0
Armour         | 1 3 6 8 9 10 11 12 13 15 17 18 | 18.3
Shields        | 1 6 8 11 14 15 | 15.0
Translocations | 2 3 4 5 |  5.0
Charms         | 2 |  2.0
Summonings     | 2 |  2.0
Stealth        | |  2.4
Spellcasting   | |  2.1
Conjurations   | |  1.0
Ice Magic      | |  3.0

Action                   |  1- 3 |  4- 6 |  7- 9 | 10-12 | 13-15 | 16-18 | 19-21 | 22-24 | 25-27 || total
-------------------------+-------+-------+-------+-------+-------+-------+-------+-------+-------++-------
Melee: Dagger            |    99 |   189 |   338 |   590 |  1838 |  1477 |  1931 |   706 |       ||  7168
       Unarmed           |     5 |       |       |       |       |       |       |       |       ||     5
       Bite              |    21 |    38 |   109 |   248 |   748 |   764 |  1086 |  1329 |  1518 ||  5861
       Rapier            |       |       |       |   146 |       |       |       |       |       ||   146
       Punch             |       |       |       |     3 |       |       |       |       |       ||     3
       Quick blade       |       |       |       |       |       |     9 |       |  1566 |  2358 ||  3933
 Cast: Freeze            |     3 |       |       |       |       |       |       |       |       ||     3
Invok: Heroism           |       |       |     3 |     9 |    13 |    11 |    12 |    14 |     6 ||    68
       Finesse           |       |       |       |       |     3 |     4 |     7 |    12 |     3 ||    29
Evoke: Wand              |       |       |     2 |     4 |       |       |       |     4 |       ||    10
  Use: Scroll            |       |     2 |    15 |     5 |    18 |    16 |     8 |    19 |    20 ||   103
       Potion            |       |       |       |     2 |     3 |     1 |     2 |       |    15 ||    23
 Stab: Sleeping          |     1 |       |     3 |     3 |     5 |    15 |    11 |    11 |     5 ||    54
       Distracted        |     1 |       |       |       |     2 |     1 |     3 |     5 |     4 ||    16
       Paralysed         |       |       |     1 |       |       |       |       |       |       ||     1
       Petrified         |       |       |       |     1 |       |       |       |       |       ||     1
       Confused          |       |       |       |       |       |     1 |       |       |       ||     1
       Invisible         |       |       |       |       |       |       |       |       |     2 ||     2
  Eat: Chunk             |     1 |     7 |     7 |    10 |    25 |    10 |    20 |    21 |    24 ||   125
       Ration            |     1 |       |     2 |     1 |     3 |     5 |     1 |     3 |     2 ||    18
Armor: Robe              |    11 |     2 |       |       |       |       |       |       |       ||    13
       Ring mail         |       |    51 |    86 |   119 |   485 |   290 |       |       |       ||  1031
       Troll leather arm |       |       |       |    50 |       |       |       |       |       ||    50
       Quicksilver drago |       |       |       |       |       |   104 |   315 |   277 |   243 ||   939
Dodge: Dodged            |    53 |    82 |    96 |   272 |  1023 |   691 |   630 |   535 |   634 ||  4016
Block: Shield            |       |       |       |    67 |    32 |   840 |   944 |   721 |  1039 ||  3643
       Buckler           |       |       |       |    11 |   457 |       |       |       |       ||   468

Table legend:
 A = Spawn XP
 B = Non-spawn XP
 C = Spawn XP percentage of total XP
 D = Spawn monster count
 E = Non-spawn monster count
 F = Spawn count percentage of total count
 G = Total turns spent on level
                    A         B        C        D         E        F      G
               +---------+---------+-------+---------+---------+-------+---------
         Total |       0 | 1481782 |   0.0 |       0 |    2307 |   0.0 | 58359
               +---------+---------+-------+---------+---------+-------+---------
           D:1 |       0 |      61 |   0.0 |       0 |      32 |   0.0 |  1516
           D:2 |       0 |      40 |   0.0 |       0 |      18 |   0.0 |  1220
           D:3 |       0 |     136 |   0.0 |       0 |      21 |   0.0 |   803
           D:4 |       0 |     267 |   0.0 |       0 |      18 |   0.0 |   972
           D:5 |       0 |     662 |   0.0 |       0 |      16 |   0.0 |   949
           D:6 |       0 |     766 |   0.0 |       0 |      32 |   0.0 |   858
           D:7 |       0 |     566 |   0.0 |       0 |      13 |   0.0 |   684
           D:8 |       0 |    3718 |   0.0 |       0 |      22 |   0.0 |  1224
           D:9 |       0 |    5335 |   0.0 |       0 |      39 |   0.0 |  1250
          D:10 |       0 |    5510 |   0.0 |       0 |      36 |   0.0 |   832
          D:11 |       0 |    3713 |   0.0 |       0 |      26 |   0.0 |   967
          D:12 |       0 |   10406 |   0.0 |       0 |      55 |   0.0 |  1088
          D:13 |       0 |    7753 |   0.0 |       0 |      43 |   0.0 |   937
          D:14 |       0 |   23885 |   0.0 |       0 |      54 |   0.0 |  1306
          D:15 |       0 |   14878 |   0.0 |       0 |      32 |   0.0 |   901
        Lair:1 |       0 |    4769 |   0.0 |       0 |      45 |   0.0 |   864
        Lair:2 |       0 |    7193 |   0.0 |       0 |      22 |   0.0 |  1054
        Lair:3 |       0 |    7257 |   0.0 |       0 |      26 |   0.0 |  1017
        Lair:4 |       0 |    2718 |   0.0 |       0 |      14 |   0.0 |   953
        Lair:5 |       0 |    9279 |   0.0 |       0 |      55 |   0.0 |  1153
        Lair:6 |       0 |   19766 |   0.0 |       0 |      80 |   0.0 |  1616
       Swamp:1 |       0 |    5106 |   0.0 |       0 |      10 |   0.0 |   697
       Swamp:2 |       0 |   23904 |   0.0 |       0 |      56 |   0.0 |   992
       Swamp:3 |       0 |   13277 |   0.0 |       0 |      33 |   0.0 |   925
       Swamp:4 |       0 |   35033 |   0.0 |       0 |      53 |   0.0 |   991
       Snake:1 |       0 |   35674 |   0.0 |       0 |      69 |   0.0 |  1481
       Snake:2 |       0 |   16270 |   0.0 |       0 |      30 |   0.0 |  1189
       Snake:3 |       0 |   37684 |   0.0 |       0 |      62 |   0.0 |  1049
       Snake:4 |       0 |   45901 |   0.0 |       0 |      76 |   0.0 |  1298
         Orc:1 |       0 |    3300 |   0.0 |       0 |      22 |   0.0 |   555
         Orc:2 |       0 |   12395 |   0.0 |       0 |      57 |   0.0 |  1660
         Elf:1 |       0 |   22252 |   0.0 |       0 |      44 |   0.0 |  1103
         Elf:2 |       0 |   48752 |   0.0 |       0 |      66 |   0.0 |  1616
         Elf:3 |       0 |   63604 |   0.0 |       0 |      67 |   0.0 |  1889
      Vaults:1 |       0 |   67928 |   0.0 |       0 |     120 |   0.0 |  1937
      Vaults:2 |       0 |   62702 |   0.0 |       0 |      85 |   0.0 |  1172
      Vaults:3 |       0 |   77015 |   0.0 |       0 |      94 |   0.0 |  1822
      Vaults:4 |       0 |   41078 |   0.0 |       0 |      59 |   0.0 |  1666
      Vaults:5 |       0 |  150129 |   0.0 |       0 |     124 |   0.0 |  1936
      Depths:1 |       0 |   44105 |   0.0 |       0 |      46 |   0.0 |  1264
      Depths:2 |       0 |   60221 |   0.0 |       0 |      68 |   0.0 |  1308
      Depths:3 |       0 |  103257 |   0.0 |       0 |     101 |   0.0 |  2046
      Depths:4 |       0 |   80184 |   0.0 |       0 |      64 |   0.0 |  1634
      Depths:5 |       0 |   64947 |   0.0 |       0 |      63 |   0.0 |  1320
         Zot:1 |       0 |   42472 |   0.0 |       0 |      23 |   0.0 |   515
         Zot:2 |       0 |   66997 |   0.0 |       0 |      40 |   0.0 |  1219
         Zot:3 |       0 |   14721 |   0.0 |       0 |       8 |   0.0 |   594
         Zot:4 |       0 |   60223 |   0.0 |       0 |      36 |   0.0 |  1045
         Zot:5 |       0 |   48775 |   0.0 |       0 |      18 |   0.0 |   606
           Lab |       0 |    1277 |   0.0 |       0 |       1 |   0.0 |   335
         Trove |       0 |    1092 |   0.0 |       0 |       2 |   0.0 |   108
         IceCv |       0 |    2829 |   0.0 |       0 |      11 |   0.0 |   223
               +---------+---------+-------+---------+---------+-------+---------

Vault maps used:
D:1:      ldierk_walled_garden_2
D:2:      evilmike_ruin_ashenzari, lemuel_doored_altar,
          nicolae_qazlal_general_emergency,
          chequers_temple_overflow_statue_of_worship
D:3:      xom_teletrap_fun, chequers_ecumenical_altar_island
D:4:      minitemple
D:5:      minmay_temple_entry_poolview, first_ration
D:6:      basic_altar, lightli_orcish_oven
D:7:      cheibriados_altar_1
D:8:      marbit_many_paths, serial_shops, shop, uniq_gastronok
D:9:      overflow_temple_1_default, grunt_lair_entry_orc_guard_hut,
          blue_anna_alchemist, uniq_erolcha
D:11:     portal_ice_cave_entry_pillars_1
D:12:     gammafunk_jiyva_shrine, orc_david_3, basic_altar
D:13:     serial_corexii_hall, corexii_hall_statues_u, corexii_hall_statues_u,
          corexii_hall_statues_i, nicolae_two_hexagons
D:14:     lightli_vaults_fourway_checkpoint, serial_bayou_ford_a,
          lab_entry_generic, serial_shops, shop, fedhas_altar_2, uniq_louise,
          uniq_frances
D:15:     grunt_enter_depths_snipers, serial_undead, serial_undead_f,
          serial_undead_e, serial_undead_c, serial_undead_e, minmay_evil_grid
Lair:2:   infiniplex_staircase_pool_2, grunt_megastairs_4, uniq_harold
Lair:4:   swamp_mist_pool, guppyfry_snake_entry_garden
Lair:5:   nicolae_slime_entry_slimehenge, grunt_forest_stairs_clearing
Lair:6:   hangedman_lair_tendril_chambers, grunt_forest_large_clearings
Swamp:1:  serial_swamp_ruin, evilmike_swamp_ruin_house_3,
          evilmike_swamp_ruin_house_5, evilmike_swamp_ruin_rubble_1
Swamp:2:  evilmike_swamp_ruin_house_4, uniq_donald
Swamp:3:  infiniplex_staircase_pool
Swamp:4:  swamp
Snake:1:  cheibrodos_snake_ritualist_ritual, basic_altar, minmay_shop_star,
          serial_bayou_shore_a
Snake:2:  uniq_vashnia
Snake:3:  nicolae_snake_double_loop, library_closet
Snake:4:  snake_pit, uniq_aizul
Orc:1:    nicolae_orc_lava_room, uniq_maurice
Orc:2:    st_orc_mages, uniq_saint_roka
Elf:1:    elf_arrival_001, serial_shops,
          nicolae_shop_competitors_out_of_business, minmay_elf_demonology,
          minmay_shop_grove
Elf:2:    serial_sigils_hangedman_scratch, guppyfry_elf_lava, uniq_asterion
Elf:3:    minmay_elf_hall_dome, hex_tiny, basic_stair_grate_trap,
          grunt_megastairs_1
Vaults:1: ontoclasm_vaults_gallery, nicolae_vaults_border_crossing, v_misc_30,
          ontoclasm_vaults_bender, hangedman_vaults_restitches, v_misc_8,
          v_misc_24, v_misc_22, v_pattern_1, hangedman_vaults_slice,
          vaults_room_pools, basic_altar
Vaults:2: blue_anna_dwarven_crypt, hangedman_vaults_variations,
          nicolae_vaults_shelves_hall, dpeg_vaults_waves, ontoclasm_vaults_chip,
          vaults_dpeg_hooks, v_misc_33, ontoclasm_vaults_spin,
          nicolae_vaults_alarming, hangedman_vaults_pinch,
          nicolae_vaults_asterisk, nicolae_vaults_diagonal_hallway_7,
          serial_shops, nicolae_shop_stone, portal_desolation_entry_twin_temple,
          uniq_jorgrun, uniq_margery
Vaults:3: nicolae_vaults_little_squares_1, hangedman_vaults_cutoff,
          dpeg_vaults_monster_box, nicolae_vaults_big_angled_halls,
          nicolae_vaults_minivaults, ontoclasm_vaults_pinch, v_misc_5,
          hangedman_vaults_snaps, nicolae_vaults_big_angled_halls, v_pattern_5,
          vaults_mumra_hexcomb, nicolae_vaults_little_squares_6, uniq_jory
Vaults:4: grunt_vaults_focal, serial_ice_b, ontoclasm_vaults_shuriken,
          vaults_dpeg_encased_lava, nicolae_vaults_mini_display_case,
          uniq_mennas
Depths:1: enter_ziggurat_b, hell_entry, rand_demon_pan_entry_1,
          minmay_misc_feat_diagonals, lemuel_another_geyser, firewood_loft,
          uniq_mara, uniq_bai_suzhen
Depths:2: kennysheep_green_arena, abyss_entry, grunt_metal_band, uniq_nikola
Depths:3: minmay_the_grid_triangle_9x9_rhombus_full, serial_bayou_shore_b,
          pf_hell_entry_great_geh, nicolae_trove_entry_crossroad,
          rand_demon_pan_entry_8, grunt_ministairs_4,
          minmay_staircase_windowed_small, uniq_sojobo
Depths:4: evilmike_diamond_2, hangedman_coc_ice_floe, abyss_entry,
          corexii_corridor_pit, infiniplex_staircase_star, serial_bayou_shore_b,
          uniq_enchantress
Depths:5: grunt_zot_entry_pinwheel, hangedman_decor_riveting, abyss_entry,
          grunt_pan_entry_sceptre, hell_entry
Zot:2:    kennysheep_blocky_room, st_stairs_8, grunt_megastairs_3,
          basic_stair_grate_trap
Zot:4:    grunt_megastairs_2
Zot:5:    grunt_ministairs_8
Trove:    trove_treasure_island
IceCv:    ice_cave_statue_garden_chambered

Table legend:
 A = Turns spent in this place as a percentage of turns spent in the entire game.
 B = Non-inter-level travel turns spent in this place as a percentage of non-inter-level travel turns spent in the entire game.
 C = Inter-level travel turns spent in this place as a percentage of turns spent in this place.
 D = Turns resting spent in this place as a percentage of non-inter-level travel turns spent in this place.
 E = Turns spent auto-exploring this place as a percentage of non-inter-level travel turns spent in this place.
 F = Non-inter-level travel turns spent in this place divided by the number of levels of this place that you've seen.
                   A       B       C       D       E      F
               +-------+-------+-------+-------+-------+----------------------
         Total | 100.0 | 100.0 |   6.4 |  10.4 |  53.6 | 1050.3
       Dungeon |  26.6 |  25.4 |  10.5 |  14.7 |  59.3 | 925.5
          Lair |  11.4 |  11.5 |   5.7 |  12.2 |  55.6 | 1046.7
         Swamp |   6.2 |   6.3 |   4.6 |  15.1 |  56.1 | 859.8
     Snake Pit |   8.6 |   8.9 |   2.9 |  13.1 |  49.1 | 1217.2
  Orcish Mines |   3.8 |   3.6 |  12.4 |  10.1 |  60.4 | 970.0
   Elven Halls |   7.9 |   8.1 |   4.5 |   7.2 |  58.3 | 1466.7
        Vaults |  14.6 |  14.7 |   5.8 |   5.3 |  48.7 | 1607.6
        Depths |  13.0 |  13.2 |   5.1 |   8.4 |  45.0 | 1437.4
           Zot |   6.8 |   7.2 |   1.7 |   4.5 |  60.0 | 782.6
     Labyrinth |   0.6 |   0.6 |   0.0 |   0.0 |   0.0 | 335.0
         Trove |   0.2 |   0.2 |   0.0 |   0.0 |   0.0 | 108.0
      Ice Cave |   0.4 |   0.4 |   0.0 |   0.9 |  11.2 | 223.0
               +-------+-------+-------+-------+-------+----------------------

Table legend:
 A = Kills in this place as a percentage of kills in entire the game.
 B = Kills by you in this place as a percentage of kills by you in the entire game.
 C = Kills by friends in this place as a percentage of kills by friends in the entire game.
 D = Other kills in this place as a percentage of other kills in the entire game.
 E = Experience gained in this place as a percentage of experience gained in the entire game.
 F = Experience gained in this place divided by the number of levels of this place that you have seen.
                   A       B       C       D       E      F
               +-------+-------+-------+-------+-------+----------------------
         Total | 100.0 | 100.0 |   N/A | 100.0 | 100.0 | 28495.8
       Dungeon |  19.8 |  19.8 |   N/A |   0.0 |   5.2 | 5179.7
          Lair |  10.5 |  10.5 |   N/A |   0.0 |   3.4 | 8497.0
         Swamp |   6.6 |   6.6 |   N/A |   0.0 |   5.2 | 19330.0
     Snake Pit |  10.3 |  10.2 |   N/A |  50.0 |   9.1 | 33882.2
  Orcish Mines |   3.4 |   3.4 |   N/A |   0.0 |   1.1 | 7847.5
   Elven Halls |   7.7 |   7.6 |   N/A |  25.0 |   9.1 | 44869.3
        Vaults |  20.9 |  20.9 |   N/A |   0.0 |  26.9 | 79770.4
        Depths |  14.8 |  14.8 |   N/A |  25.0 |  23.8 | 70542.8
           Zot |   5.4 |   5.4 |   N/A |   0.0 |  15.7 | 46637.6
     Labyrinth |   0.0 |   0.0 |   N/A |   0.0 |   0.1 | 1277.0
         Trove |   0.1 |   0.1 |   N/A |   0.0 |   0.1 | 1092.0
      Ice Cave |   0.5 |   0.5 |   N/A |   0.0 |   0.2 | 2829.0
               +-------+-------+-------+-------+-------+----------------------
